 Dungeon Crawl Stone Soup version 0.29-a0-352-g0917bc69df (webtiles) character file.

Game seed: 10220709675086909367

102 Zeldest the Sneak (level 4, -7/22 HPs)
             Began as a Felid Delver on Apr 25, 2022.
             Was an Initiate of Dithmenos.
             Mangled by a vampire mosquito (11 damage)
             ... on level 6 of the Dungeon.
             The game lasted 00:02:41 (627 turns).

Zeldest the Sneak (Felid Delver)                     Turns: 627, Time: 00:02:42

Health: -7/22      AC:  1    Str:  8    XL:     4   Next: 50%
Magic:  5/5        EV: 19    Int: 11    God:    Dithmenos [......]
Gold:   0          SH:  0    Dex: 19    Spells: 3/3 levels left
                                        Lives:  0   Deaths: 1

rFire   . . .      SeeInvis +     - Unarmed
rCold   . . .      Faith    .   (shield unavailable)
rNeg    . . .      Spirit   .   (body armour unavailable)
rPois   .          Reflect  .   (helmet unavailable)
rElec   .          Harm     .   (cloak unavailable)
rCorr   .          Rampage  .   (gloves unavailable)
Will    .....                   (boots unavailable)
Stlth   ++++......              (no amulet)
HPRegen 0.07/turn               (no ring)
MPRegen 0.09/turn               (no ring)

@: quick
A: very small, claws 1, fangs 3, see invisible, speed 1, shaggy fur 1, stealthy
paws, no weapons or thrown items, no armour, multi-lived
a: Renounce Religion


You were on level 6 of the Dungeon.
You worshipped Dithmenos.
Dithmenos was noncommittal.
You visited 1 branch of the dungeon, and saw 3 of its levels.

Inventory:

Wands
 e - a wand of digging (3)
Scrolls
 a - a scroll of fog
 b - a scroll of magic mapping
 c - a scroll of fear
Potions
 d - a potion of attraction {unknown}


   Skills:
 + Level 3.9 Fighting
 + Level 4.3 Dodging
 + Level 7.6 Stealth
 + Level 3.2 Unarmed Combat


You had 3 spell levels left.
You didn't know any spells.
Your spell library was empty.

Dungeon Overview and Level Annotations

Branches:
Dungeon (7/15)
 Temple: D:4-7

Altars:
Dithmenos
Sif Muna
Yredelemnul

Annotations:
D:6 Eustachio


Innate Abilities, Weirdness & Mutations

You have sharp claws.
You have razor-sharp teeth.
You have supernaturally acute eyesight. (SInv)
You cover ground quickly. (Speed+)
You are covered in fur. (AC +1)
Your paws help you pounce on unaware monsters.
You are incapable of wielding weapons or throwing items.
You cannot wear armour.
You gain extra lives every three experience levels.


Message History

A water moccasin comes into view.
A vampire mosquito comes into view. x2
The vampire mosquito buzzes angrily.
There is a stone staircase leading up here.
The vampire mosquito misses you. The vampire mosquito bites you.
The vampire mosquito draws strength from your injuries!
You climb upwards.
Level annotation: Eustachio
There is a stone staircase leading down here.
You completely miss the vampire mosquito.
The vampire mosquito misses you.
You scratch the vampire mosquito.
The vampire mosquito is lightly damaged.
The vampire mosquito closely misses you.
The vampire mosquito completely misses you.
You scratch the vampire mosquito but do no damage.
The vampire mosquito is lightly damaged.
The vampire mosquito bites you!
* * * LOW HITPOINT WARNING * * *
The vampire mosquito draws strength from your injuries!
The vampire mosquito misses you.
You miss the vampire mosquito.
The vampire mosquito is lightly damaged.
The vampire mosquito misses you. The vampire mosquito barely misses you.
You miss the vampire mosquito.
The vampire mosquito is lightly damaged.
The vampire mosquito closely misses you.
The vampire mosquito completely misses you.
You scratch the vampire mosquito. Your bite misses the vampire mosquito.
The vampire mosquito is lightly damaged.
The vampire mosquito bites you.
* * * LOW HITPOINT WARNING * * *
The vampire mosquito draws strength from your injuries!
You completely miss the vampire mosquito.
Your bite misses the vampire mosquito.
The vampire mosquito is lightly damaged.
The vampire mosquito completely misses you.
The vampire mosquito bites you!
Ouch! That really hurt!
You die...

........
....#.#
#..##.#
#..##.#
#...#.#
#.#.#.#
#)#...#
#.##..#
#.##y@#
#.###.#
#.# #..
#.# ###.
#.# .#
#.# #
#.# #.#
#.#


You could see a vampire mosquito.

Vanquished Creatures
  A phantom (D:6)
  A howler monkey (D:6)
  An orc wizard (D:7)
  An adder (D:6)
  A white imp (D:7)
  An ufetubus (D:6)
  2 orcs (D:7)
8 creatures vanquished.

Notes
Turn   | Place    | Note
-------+----------+-------------------------------------------
     0 | D:5      | Zeldest the Felid Delver began the quest for the Orb.
     0 | D:5      | Reached XP level 1. HP: 10/10 MP: 2/2
     2 | D:5      | Found a basalt altar of Yredelemnul.
    23 | D:5      | Noticed an orc wizard
    25 | D:5      | Noticed a hound
   348 | D:6      | Found a shadowy altar of Dithmenos.
   348 | D:6      | Noticed a phantom
   356 | D:6      | Killed a phantom
   357 | D:6      | Reached skill level 7 in Stealth
   357 | D:6      | Reached XP level 2. HP: 14/14 MP: 3/3
   357 | D:6      | Reached XP level 3. HP: 17/17 MP: 4/4
   357 | D:6      | Reached XP level 4. HP: 21/21 MP: 5/5
   359 | D:6      | Became a worshipper of Dithmenos the Shadowed
   405 | D:6      | Found a shimmering blue altar of Sif Muna.
   430 | D:6      | Noticed Eustachio
   476 | D:6      | HP: 1/22 [Eustachio/+0 rapier (9)]
   478 | D:6      | Slain by a bat
   479 | D:6      | Reached XP level 3. HP: 0/18 MP: 4/4
   588 | D:7      | Reached XP level 4. HP: 11/22 MP: 5/5
   616 | D:7      | Noticed a vampire mosquito
   616 | D:7      | Noticed a water moccasin
   617 | D:7      | Noticed a vampire mosquito
   617 | D:7      | Noticed a vampire mosquito
   627 | D:6      | Mangled by a vampire mosquito

Illustrated notes

Levels and vault maps discovered:
D:5:      layout_loops_cross, nicolae_overflow_crystal_walls,
          minmay_temple_entry_overgrown, doesnt_shop_hydraphobe
D:6:      layout_basic, led_sif_book, grunt_dithmenos_shadows,
          chequers_mini_garden, uniq_eustachio, uniq_menkaure
D:7:      layout_rooms, lemuel_crystal_altar, hangedman_decor_clover_reticule

Skill      XL: |  1  2  3  4 |
---------------+-------------+-----
Dodging        | 3 4 |  4.3
Stealth        | 7 |  7.6
Unarmed Combat | 3 |  3.2
Fighting       | |  3.9

Action                   |  1- 3 |  4- 6 || total
-------------------------+-------+-------++-------
Melee: Unarmed           |    24 |    44 ||    68
       Bite              |       |    11 ||    11
  Use: Potion            |       |     1 ||     1
 Stab: Sleeping          |     2 |     2 ||     4
Armor: Skin              |     1 |     1 ||     2
Dodge: Dodged            |    32 |    48 ||    80

Table legend: (Time is in decaauts)
 A = Elapsed time spent in this place.
 B = Non-inter-level travel time spent in this place.
 C = Inter-level travel time spent in this place.
 D = Time resting spent in this place.
 E = Time spent auto-exploring this place.
 F = Levels seen in this place.
 G = Mean time per level.
                   A        B        C        D        E       F      G
               +--------+--------+--------+--------+--------+-----+--------+
         Total |    564 |    564 |      0 |    289 |      0 |   3 |  188.0 |
       Dungeon |    564 |    564 |      0 |    289 |      0 |   3 |  188.0 |
               +--------+--------+--------+--------+--------+-----+--------+

Top non-repeatable levels by time:
     D:6: 498 daAuts
     D:5: 37 daAuts
     D:7: 29 daAuts
